 Dungeon Crawl Stone Soup version 0.29.1-4-g47bece8355 (webtiles) character file.

Game seed: 13739925439527195259

37 javelincjr the Gusty (level 3, -8/19 HPs)
             Began as a Tengu Air Elementalist on Dec 5, 2022.
             Mangled by Crazy Yiuf
             ... wielding a +2 quarterstaff of chaos
              (10 damage)
             ... on level 2 of the Dungeon.
             The game lasted 00:07:02 (1210 turns).

javelincjr the Gusty (Tengu Air Elementalist)       Turns: 1210, Time: 00:07:03

Health: -8/19      AC:  2    Str:  8    XL:     3   Next: 41%
Magic:  1/7        EV: 12    Int: 17    God:
Gold:   63         SH:  4    Dex: 20    Spells: 5/6 levels left

rFire   . . .      SeeInvis .   d - +0 spear
rCold   . . .      Faith    .   c - +0 buckler
rNeg    . . .      Spirit   .   a - +0 robe
rPois   .          Reflect  .   (helmet restricted)
rElec   .          Harm     .   (no cloak)
rCorr   .          Rampage  .   (no gloves)
Will    .....                   (boots unavailable)
Stlth   ++........              (no amulet)
HPRegen 0.06/turn               h - +6 ring of dexterity
MPRegen 0.10/turn               (no ring)

@: very slightly contaminated
A: beak, talons 3
a: no special abilities


You were on level 2 of the Dungeon.
You visited 1 branch of the dungeon, and saw 3 of its levels.

You collected 63 gold pieces.

Inventory:

Hand Weapons
 d - a +0 spear (weapon)
 l - a +0 short sword
Missiles
 e - 12 stones
 o - 2 curare-tipped darts
Armour
 a - a +0 robe (worn)
 c - a +0 buckler (worn)
 m - a +1 pair of boots
Jewellery
 h - a +6 ring of dexterity (left hand)
Scrolls
 f - a scroll of amnesia {unknown}
 g - a scroll of enchant weapon {unknown}
 j - a scroll of acquirement {unknown}
 n - a scroll of teleportation {unknown}
 p - a scroll of fear {unknown}
 q - a scroll of vulnerability {unknown}
Potions
 b - a potion of magic
 i - 3 potions of curing {unknown}
 k - 2 potions of lignification {unknown}


   Skills:
 + Level 2.4 Dodging
 + Level 2.2 Stealth
 + Level 2.2 Spellcasting
 + Level 1.9 Conjurations
 + Level 5.0 Air Magic


You had 5 spell levels left.
You knew the following spells:

 Your Spells              Type           Power      Damage    Failure   Level
a - Shock                 Conj/Air       52%        1d6       6%          1

Your spell library contained the following spells:

 Spells                   Type           Power      Damage    Failure   Level
 Static Discharge         Conj/Air       13%        3-5/arc   10%         2
 Swiftness                Air            19%        N/A       10%         3
 Sandblast                Erth           2%         2d4       26%         1
 Airstrike                Air            9%         2d(2-18)  32%         4
 Passwall                 Tmut/Erth      0%         N/A       36%         2
 Stone Arrow              Conj/Erth      10%        3d7       45%         3


Dungeon Overview and Level Annotations

Branches:
Dungeon (3/15)

Altars:

Annotations:
D:2 Crazy Yiuf


Innate Abilities, Weirdness & Mutations

You have a beak for a mouth.
You have claws for feet.


Message History

Casting: Shock (safe; 6% risk of failure)
Confirm with . or Enter, or press ? or * to list all spells.
Aiming: Shock (safe; 6% risk of failure)
Press: ? - help, Shift-Dir - straight line The zap hits Crazy Yiuf.
Crazy Yiuf is moderately wounded.
Crazy Yiuf shouts!
The zap hits Crazy Yiuf.
Crazy Yiuf is moderately wounded.
Casting: Shock (safe; 6% risk of failure)
Confirm with . or Enter, or press ? or * to list all spells.
Aiming: Shock (safe; 6% risk of failure)
Press: ? - help, Shift-Dir - straight line The zap misses Crazy Yiuf.
The zap hits Crazy Yiuf.
Crazy Yiuf is moderately wounded.
Crazy Yiuf cries, "Mugger!
Paint testudinal infinity."
Casting: Shock (safe; 6% risk of failure)
Confirm with . or Enter, or press ? or * to list all spells.
Aiming: Shock (safe; 6% risk of failure)
Press: ? - help, Shift-Dir - straight line The zap misses Crazy Yiuf.
Casting: Shock (safe; 6% risk of failure)
Confirm with . or Enter, or press ? or * to list all spells.
Aiming: Shock (safe; 6% risk of failure)
Press: ? - help, Shift-Dir - straight line The zap hits Crazy Yiuf.
Crazy Yiuf is severely wounded.
Crazy Yiuf hits you with a +2 quarterstaff of chaos!
Ouch! That really hurt!
* * * LOW HITPOINT WARNING * * *
Crazy Yiuf burns you.
* * * LOW HITPOINT WARNING * * *
Casting: Shock (safe; 6% risk of failure)
Confirm with . or Enter, or press ? or * to list all spells.
Aiming: Shock (safe; 6% risk of failure)
Press: ? - help, Shift-Dir - straight line The zap misses Crazy Yiuf.
Crazy Yiuf hits you with a +2 quarterstaff of chaos!
Ouch! That really hurt!
You die...

#..# # ### #.. . ..#
#.. # #.###.# # #..
..# ###.###.#
.....>..##♣♣ ###
##.###....P♣♣ ♣♣#..)#
..........PP♣♣♣♣@g...#
#####.....P♣.♣..♣#...#
# #.......♣.♣♣♣ ### #
#...##♣♣♣♣♣ # #..##
#####..# ### .......#
#.# ..[....# #.#
####...#####.# #.#


You could see Crazy Yiuf.

Vanquished Creatures
  2 adders
  A ball python (D:2)
  An endoplasm (D:1)
  2 goblins
  4 kobolds (D:1)
  2 quokkas
  4 bats
  A frilled lizard (D:1)
  A rat (D:2)
18 creatures vanquished.

Vanquished Creatures (others)
  A fungus (D:2)
1 creature vanquished.

Grand Total: 19 creatures vanquished

Notes
Turn   | Place    | Note
-------+----------+-------------------------------------------
     0 | D:1      | javelincjr the Tengu Air Elementalist began the quest for
                  | the Orb.
     0 | D:1      | Reached XP level 1. HP: 10/10 MP: 4/4
   229 | D:2      | Reached XP level 2. HP: 15/15 MP: 1/6
   237 | D:1      | Reached XP level 3. HP: 12/19 MP: 0/7
   438 | D:1      | Reached skill level 5 in Air Magic
  1200 | D:2      | Found a runed translucent door.
  1201 | D:2      | Noticed Crazy Yiuf
  1210 | D:2      | Mangled by Crazy Yiuf

Illustrated notes

Levels and vault maps discovered:
D:1:      dpeg_arrival_round_b, layout_loops_ring, hex_tiny, kennysheep_doodads
D:2:      layout_loops_ring, minmay_increasing_density, uniq_crazy_yiuf_cottage
D:3:      layout_loops_ring, grunt_decor_one_mirror, uniq_ijyb

Skill      XL: |  1  2  3 |
---------------+----------+-----
Air Magic      | 5 |  5.0
Dodging        | |  2.4
Stealth        | |  2.2
Spellcasting   | |  2.2
Conjurations   | |  1.9

Action                   || total
-------------------------++-------
Melee: Dagger            ||     5
       Spear             ||     7
       Kick              ||     3
       Peck              ||     2
 Cast: Shock             ||    30
 Stab: Sleeping          ||     2
Armor: Robe              ||     1
Dodge: Dodged            ||     4
Block: Buckler           ||     1
